AoeStats
← Big Binouse

Arabia

505705922Analyzed
1v1 RM · 23d ago on Sep 10, 2026· 33m 58s· 2 players
Game mode
Random Map
Map size
Tiny (2 player)
Population
200
Speed
Normal
Resources
Standard
Victory
Conquest
Starting age
Dark Age
Ending age
Imperial Age
RankedLock teamsTeams togetherTeam positionsShared explorationLock speedFull tech treeHidden civsTurbo modeCheats
Victory
Defeat
🇧🇪 Byzantines · Belgium
1184
+15
🇺🇸 Tatars · United States
1162
-15
Kevin
10:46 Feudal Age
17:40 Castle Age
16:35 Bloodlines
19:34 Loom
21:32 Fletching
22:28 Double-Bit Axe
28:30 Husbandry
34:16 Wheelbarrow
Big Binouse
4:30 Loom
10:09 Feudal Age
10:46 Double-Bit Axe
12:42 Horse Collar
18:32 Wheelbarrow
22:44 Castle Age
21:26 Scale Mail Armor
22:26 Fletching
23:30 Scale Barding Armor
23:38 Squires
23:01 Elite Skirmisher
24:09 Husbandry
25:05 Pikeman
28:51 Hand Cart
32:20 Chain Barding Armor
32:28 Forging
36:32 Imperial Age
Connection lost

Rejoining the realm…

Still unreachable

The connection could not be restored.

Session expired

The server has moved on; the page needs a fresh start.